Map: Ruby Rock LE

Players

GhostRobo - Winner!

  • Race: Terran Terran
  • Spawn Location: 11:00

ViSpiD

  • Race: Protoss Protoss
  • League: Silver
  • Spawn Location: 5:00

VOD

Have the link to the VOD?

Description

Time

  • Played on: Dec. 13, 2025, 4:38 p.m.
  • Length: 15:07
Show
View Real Time Build Order
Export as new Build Order

GhostRobo Terran - Winner!

Build Orders:  

Get SALT Encoding   

  12  0:01  SCV  
  13  0:19  Supply Depot  
  13  0:20  SCV  
  14  0:32  SCV  
  15  0:43  Barracks  
  15  0:44  SCV  
  16  0:51  Supply Depot  
  16  0:53  Refinery  
  16  1:01  Refinery  
  15  1:20  SCV  
  16  1:32  Orbital Command  
  16  1:36  Barracks Reactor  
  16  1:40  Barracks  
  16  2:25  Reaper x2  
  16  2:27  Barracks Reactor  
  18  2:51  SCV  
  18  2:57  Reaper  
  20  3:32  SCV  
  20  3:58  Reaper x4  
  24  4:19  SCV  
  25  4:27  Barracks  
  25  4:30  Reaper  
  26  4:31  SCV  
  27  4:43  SCV  
  26  4:55  SCV  
  26  4:57  Reaper x3  
  30  5:02  Reaper  
  31  5:21  Barracks Reactor  
  31  5:40  SCV  
  31  5:59  Supply Depot x2  
  31  6:01  Supply Depot  
  31  6:03  Marine  
  31  6:04  Marine  
  31  6:06  Marine  
  31  6:17  Factory  
  31  6:20  Marine x3, SCV  
  31  6:21  Marine  
  31  6:22  Marine  
  31  6:24  Marine  
  38  6:33  SCV  
  38  6:38  Marine x2  
  38  6:39  Marine  
  42  6:40  Marine  
  42  6:45  SCV  
  44  6:56  Marine x2  
  44  6:57  SCV  
  47  7:09  Factory Tech Lab, SCV  
  47  7:12  Barracks  
  48  7:17  Barracks  
  48  7:26  Command Center  
  48  7:28  Marine  
  48  7:29  Marine  
  50  7:35  Engineering Bay  
  50  7:38  Siege Tank  
  53  7:55  Supply Depot  
  53  7:58  Supply Depot  
  53  8:02  Barracks Tech Lab  
  53  8:05  Barracks Tech Lab  
  53  8:13  Siege Tank  
  51  8:40  Marauder x2, Marine x2  
  57  8:44  Combat Shield  
  57  8:45  Siege Tank  
  57  8:46  Stimpack  
  60  8:50  Orbital Command  
  60  8:57  SCV  
  60  9:02  Marauder  
  63  9:05  Terran Infantry Weapons Level 1  
  63  9:09  SCV  
  64  9:14  Starport  
  61  9:33  Marine  
  62  9:40  Marauder, Marine  
  62  9:41  Marauder, Marine x2  
  62  9:42  Marine  
  70  9:51  SCV  
  70  9:52  SCV  
  72  10:02  Marauder x2  
  72  10:03  SCV  
  72  10:04  SCV  
  70  10:15  SCV  
  67  10:26  Marine x8  
  75  10:44  Marine x4  
  79  10:52  Starport Reactor  
  79  11:20  Missile Turret  
  79  11:21  Missile Turret  
  79  11:22  Missile Turret  
  79  11:23  Missile Turret x2  
  79  11:30  Missile Turret  
  79  11:31  Missile Turret  
  79  11:34  Missile Turret x3  
  79  11:35  Missile Turret  
  79  11:36  Medivac  
  81  11:44  Siege Tank  
  84  11:53  Missile Turret x2  
  84  12:00  Supply Depot  
  84  12:02  Supply Depot  
  84  12:07  Viking  
  86  12:22  Viking, Siege Tank  
  89  12:55  Missile Turret  
  89  12:57  Missile Turret  
  89  13:02  Missile Turret  
  89  13:03  Missile Turret  
  63  14:23  Missile Turret  
Show
View Real Time Build Order
Export as new Build Order

ViSpiD Protoss 

Build Orders:  

Get SALT Encoding   

  1  0:00  Probe  
  12  0:04  Probe  
  14  0:19  Pylon  
  14  0:26  Probe  
  15  0:35  Assimilator  
  15  0:41  Forge  
  15  0:48  Assimilator  
  15  1:19  Pylon  
  15  1:24  Probe  
  16  1:30  Gateway  
  16  1:32  Probe  
  16  1:36  Gateway  
  17  1:40  Probe  
  18  1:47  Photon Cannon  
  18  1:58  Photon Cannon  
  18  2:08  Photon Cannon  
  18  2:26  Pylon  
  18  2:32  Photon Cannon  
  18  2:35  Photon Cannon  
  18  2:50  Photon Cannon x2  
  18  2:56  Photon Cannon  
  18  2:57  Photon Cannon  
  17  3:14  Photon Cannon  
  17  3:37  Photon Cannon  
  17  3:39  Probe  
  17  3:41  Pylon  
  17  3:44  Pylon  
  17  3:46  Zealot x2  
  22  4:03  Photon Cannon  
  22  4:07  Photon Cannon  
  22  4:09  Probe  
  22  4:12  Pylon  
  23  4:20  Zealot  
  23  4:22  Probe  
  25  4:30  Probe  
  27  5:00  Photon Cannon  
  27  5:03  Photon Cannon, Probe  
  28  5:15  Probe  
  28  5:18  Cybernetics Core  
  29  5:25  Pylon  
  29  5:42  Pylon  
  29  5:47  Photon Cannon  
  29  5:55  Photon Cannon  
  29  6:01  Stargate  
  29  6:03  Stargate  
  29  6:10  Stargate  
  29  6:24  Pylon  
  29  6:30  Probe  
  29  6:38  Probe  
  30  6:45  Photon Cannon  
  29  6:48  Probe  
  29  6:52  Void Ray  
  31  7:07  Pylon  
  31  7:11  Pylon  
  31  7:15  Photon Cannon  
  31  7:27  Void Ray  
  35  7:50  Void Ray  
  37  8:25  Stalker  
  29  8:29  Photon Cannon  
  29  8:30  Photon Cannon  
  29  8:32  Photon Cannon  
  31  8:42  Stalker  
  33  8:55  Stalker  
  35  9:09  Stalker  
  35  9:36  Void Ray  
  39  10:10  Protoss Air Armor Level 1  
  33  10:25  Void Ray  
  41  10:57  Void Ray  
  45  11:26  Void Ray  
  45  11:28  Stalker  
  47  11:51  Stalker  
Tags
 
League
Silver
Matchup
PvT
Spawn Locations
Cross Positions
Add a new tag
Caveats
  • Supply blocks, unpowered buildings, or Contaminate may cause inaccurate times.
  • Supply counts are checked every 10 seconds.